cohdb
Replays
Latest Replays
All Replays
Popular Replays
Top Player Replays
Match Explorer
How It Works
Community
CoH3 Stats
Reddit
Sign in to upload your games and track your stats! →
Sign in with Steam
Match 45662530
Unlisted
Match 45662530
Overview
Messages
Build Orders
End
Kettenkrad Recon Vehicle
Construct Infanterie Kompanie
Construct Infanterie Kompanie
MG 42 Machine Gun Team
Grenadier Squad
Construct Panzergrenadier Kompanie
Panzergrenadier Squad
251 Medium Carrier
Pak 40 Anti-tank Gun Team
MG 42 Bunker
Construct Panzer Kompanie
Stoßtruppen Squad
Forward Retreat Point
Selects Mechanized Battlegroup
Selects Mechanized Battlegroup
Selects Raid Package
Selects StuG Assault Group
Selects UNKNOWN (2160084)
Selects Mobile Repair Stations
Panther Heavy Tank
Panzer Officer Quarters
MG 42 Bunker
Alex
A2O
实践
ionwood
~Fram~
Fultre
leems330
EVILUTION
0
0
Comments
sign in to comment!
No comments posted yet!